 Dungeon Crawl Stone Soup version 0.20-a0-1006-ge6c5631 (webtiles) character file.

74 mopl the Sneak (level 4, -1/25 HPs)
             Began as a Deep Elf Assassin on Apr 13, 2017.
             Slain by an adder (2 damage)
             ... on level 2 of the Dungeon.
             The game lasted 00:03:05 (2298 turns).

mopl the Sneak (Deep Elf Assassin)                  Turns: 2298, Time: 00:03:06

Health: -1/25      AC:  3    Str:  8    XL:     4   Next: 9%
Magic:  6/6        EV: 12    Int: 16    God:
Gold:   56         SH:  0    Dex: 17    Spells: 3/3 levels left

rFire    . . .     SeeInvis .   a - +2 dagger (pain)
rCold    . . .     Gourm    .   (no shield)
rNeg     + . .     Faith    .   c - +0 robe
rPois    .         Spirit   .   (no helmet)
rElec    .         Reflect  .   d - +0 cloak
rCorr    .         Harm     .   (no gloves)
MR       .....                  (no boots)
Stlth    +++.......             (no amulet)
Regen    0.1/turn               l - ring of positive energy
MPRegen  0.1/turn               (no ring)

@: lethally poisoned (-1 -> -9), invisible
A: no striking features
a: no special abilities


You were on level 2 of the Dungeon.
You were not hungry.

You visited 1 branch of the dungeon, and saw 2 of its levels.

You collected 56 gold pieces.

Inventory:

Hand Weapons
 a - a +2 dagger of pain (weapon)
 b - a +0 blowgun
Missiles
 e - 6 poisoned needles
 f - 2 curare-tipped needles
 m - 2 needles of sleeping
Armour
 c - a +0 robe (worn)
 d - a +0 cloak (worn)
Jewellery
 l - a ring of positive energy (left hand)
Scrolls
 h - 2 scrolls of identify {unknown}
 k - 2 scrolls of remove curse {unknown}
 n - 2 scrolls of teleportation {unknown}
 o - a scroll of blinking {unknown}
 p - a scroll of recharging {unknown}
 t - a scroll of immolation {unknown}
Potions
 i - a potion of brilliance
 q - a potion of mutation {unknown}
 s - a potion of flight {unknown}
Comestibles
 g - 2 bread rations
 r - a meat ration


   Skills:
 - Level 1.5 Fighting
 + Level 3.2 Short Blades
 + Level 2.8 Throwing
 - Level 1.2 Dodging
 + Level 5.5 Stealth


You had 3 spell levels left.
You didn't know any spells.

Dungeon Overview and Level Annotations

Branches:
Dungeon (2/15)

Altars:
Dithmenos
Fedhas


Message History

You are too injured to fight recklessly!
You are too injured to fight recklessly!
You are too injured to fight recklessly!
You are too injured to fight recklessly!
You barely miss the adder.
The adder is severely wounded.
* * * LOW HITPOINT WARNING * * *
You feel sick. The kobold hits you with a club.
* * * LOW HITPOINT WARNING * * *
The adder barely misses you.
You hit the adder.
The adder is severely wounded.
* * * LOW HITPOINT WARNING * * *
You feel sick. The adder completely misses you. The kobold closely misses you.
It was a potion of invisibility.
You fade into invisibility!
* * * LOW HITPOINT WARNING * * *
You feel sick. The adder closely misses you.
The kobold hits you but does no damage. The adder bites you.
You die...

.# #..# .# #..# .# #..#
.# #..####.# .#
#.......# ### .#
######..#########....
.###...##.............#
.................S.)..#
.#####.#........@K.# .#
#.##..#######.# .#
#.##..# # .# #.##.##
.#####.#.## ........##
##.....## ##.#####
####### .#.# #.....# #


You could see an adder and a kobold.

Vanquished Creatures
  3 adders (D:2)
  2 worms (D:2)
  3 leopard geckos
  6 bats
  A giant cockroach (D:1)
  3 goblins (D:1)
  4 hobgoblins
  2 jackals (D:1)
  A ball python (D:1)
  3 frilled lizards
  7 kobolds
  5 rats
40 creatures vanquished.

Notes
Turn   | Place    | Note
-------+----------+-------------------------------------------
     0 | D:1      | mopl the Deep Elf Assassin began the quest for the Orb.
     0 | D:1      | Reached XP level 1. HP: 12/12 MP: 3/3
   332 | D:1      | Reached XP level 2. HP: 8/16 MP: 4/4
   436 | D:1      | Reached skill level 5 in Stealth
   894 | D:1      | Reached XP level 3. HP: 20/20 MP: 5/5
  1142 | D:2      | Reached skill level 3 in Short Blades
  1147 | D:2      | HP: 1/20 [kobold/club (2)]
  1374 | D:2      | Found a blossoming altar of Fedhas.
  1456 | D:2      | Found a shadowy altar of Dithmenos.
  2049 | D:2      | Reached XP level 4. HP: 25/25 MP: 6/6
  2298 | D:2      | HP: 1/25 [poisoned by an adder]
  2298 | D:2      | Slain by an adder

Vault maps used:
D:1:      roderic_chinese_lattice_arrival, minmay_tetromino_i2
D:2:      nicolae_dithmenos_through_a_glass_darkly, fedhas_altar_4

Skill      XL: |  1  2  3 |
---------------+----------+-----
Stealth        | 5 |  5.5
Short Blades   | 3 |  3.2
Fighting       | |  1.5
Throwing       | |  2.8
Dodging        | |  1.2

Action                   |  1- 3 |  4- 6 || total
-------------------------+-------+-------++-------
Melee: Dagger            |   109 |    25 ||   134
 Fire: Blowgun           |    15 |       ||    15
  Use: Potion            |     2 |     1 ||     3
 Stab: Sleeping          |    11 |     1 ||    12
  Eat: Chunk             |     3 |     1 ||     4
Armor: Robe              |    15 |     3 ||    18
Dodge: Dodged            |    62 |    19 ||    81
